 Dungeon Crawl Stone Soup version 0.28.0-47-ge53b351184 (webtiles) character file.

Game seed: 10881707614765911811

427 pkoi the Insei (level 6, -6/48 HPs)
             Began as a Demigod Gladiator on May 5, 2022.
             Mangled by an ogre
             ... wielding a +0 giant club
              (13 damage)
             ... on level 4 of the Dungeon.
             The game lasted 00:05:27 (6051 turns).

pkoi the Insei (Demigod Gladiator)                  Turns: 6051, Time: 00:05:28

Health: -6/48      AC: 11    Str: 19    XL:     6   Next: 37%
Magic:  8/8        EV:  8    Int: 10    God:
Gold:   166        SH:  0    Dex: 19    Spells: 5/5 levels left

rFire   . . .      SeeInvis .   a - +2 whip (elec)
rCold   . . .      Faith    .   (no shield)
rNeg    . . .      Spirit   .   e - +0 chain mail
rPois   .          Reflect  .   b - +0 helmet
rElec   .          Harm     .   (no cloak)
rCorr   .          Rampage  .   i - +0 pair of gloves
Will    .....                   (no boots)
Stlth   ..........              (no amulet)
HPRegen 0.16/turn               (no ring)
MPRegen 0.11/turn               (no ring)

@: no status effects
A: high MP 1, forlorn, divine attributes
a: no special abilities


You were on level 4 of the Dungeon.
You visited 1 branch of the dungeon, and saw 4 of its levels.

You collected 166 gold pieces.

Inventory:

Hand Weapons
 a - a +2 whip of electrocution (weapon)
 h - a +0 short sword
 j - a +1 dagger
 k - a +0 great mace
Missiles
 c - 6 throwing nets (quivered)
 g - 7 poisoned darts
Armour
 b - a +0 helmet (worn)
 e - a +0 chain mail (worn)
 i - a +0 pair of gloves (worn)
Scrolls
 l - a scroll of blinking {unknown}
Potions
 d - a potion of heal wounds
 f - 3 potions of mutation {unknown}


   Skills:
 + Level 1.7 Fighting
 - Level 1.7 Throwing
 - Level 3.0 Armour
 - Level 2.6 Dodging
 * Level 6.0 Unarmed Combat


You had 5 spell levels left.
You didn't know any spells.
Your spell library contained the following spells:

 Spells                   Type           Power      Damage    Failure   Level
 Ozocubu's Armour         Ice            0%         N/A       100%        3
 Portal Projectile        Hex/Tloc       0%         N/A       100%        3
 Blade Hands              Tmut           0%         N/A       100%        5
 Excruciating Wounds      Necr           0%         N/A       100%        5
 Metabolic Englaciation   Hex/Ice        0%         N/A       100%        5
 Simulacrum               Ice/Necr       0%         N/A       100%        6


Dungeon Overview and Level Annotations

Branches:
Dungeon (4/15)
 Temple: D:4-7

Annotations:
D:3 exclusion: oklob plant


Innate Abilities, Weirdness & Mutations

You have an increased reservoir of magic. (+10% MP)
You shall have no god before yourself.
Your divine heritage dramatically boosts your attributes as you level up.


Message History

You hit the giant cockroach.
The giant cockroach is heavily wounded.
The giant cockroach barely misses you. x2
You hit the giant cockroach.
The giant cockroach is almost dead.
The giant cockroach closely misses you.
You whack the giant cockroach!
You kill the giant cockroach!
Found 17 bolts.
You see here 17 bolts.
A giant cockroach comes into view.
Found 20 gold pieces.
A giant cockroach is nearby!
You whack the giant cockroach!
Lightning courses through the giant cockroach!
You kill the giant cockroach!
No target in view!
You now have 166 gold pieces (gained 20).
An ogre is nearby!
An ogre is nearby!
An ogre is nearby!
The ogre shouts!
You closely miss the ogre.
The ogre hits you with a +0 giant club!!
* * * LOW HITPOINT WARNING * * *
You hit the ogre.
The ogre is moderately wounded.
The ogre hits you with a +0 giant club.
* * * LOW HITPOINT WARNING * * *
You hit the ogre.
The ogre is moderately wounded.
The ogre hits you with a +0 giant club!!
* * * LOW HITPOINT WARNING * * *
You hit the ogre.
The ogre is heavily wounded.
The ogre closely misses you.
You hit the ogre but do no damage.
The ogre is heavily wounded.
The ogre hits you with a +0 giant club!
You die...

#....# #.........#
#....# #.#####.#.#
#....# #...# #....
#.#....######.#
###..
#.#....#......# #..
.#....#.####### #..
#.#..#...##...# #..
#.#..###.##...# #..
#..@.[...#....# ###
..##.O.##).#.#)##
..§§......#..#†#O#
.......>.......#.#
§§§§...#...#####O###
§§§§#..#.....#
#..<#####
..§#####.#.#.#
####....# .§#
#.....# #....#
#....## #.<..#


You could see an ogre.

Vanquished Creatures
  Menkaure (D:4)
  A scorpion (D:4)
  2 jellies
  A hound (D:4)
  A hound skeleton (D:4)
  4 adders
  3 gnolls
  A worm (D:3)
  3 dart slugs
  5 orcs
  A ball python (D:3)
  9 endoplasms
  7 giant cockroaches
  7 goblins
  3 hobgoblins
  3 jackals (D:2)
  6 kobolds
  2 quokkas
  9 bats
  9 frilled lizards
  7 rats
85 creatures vanquished.

Vanquished Creatures (others)
  14 toadstools (D:3)
14 creatures vanquished.

Grand Total: 99 creatures vanquished

Notes
Turn   | Place    | Note
-------+----------+-------------------------------------------
     0 | D:1      | pkoi the Demigod Gladiator began the quest for the Orb.
     0 | D:1      | Reached XP level 1. HP: 17/17 MP: 3/3
    66 | D:1      | Reached skill level 3 in Unarmed Combat
   253 | D:1      | Reached XP level 2. HP: 17/24 MP: 4/4
  1658 | D:2      | Reached XP level 3. HP: 25/29 MP: 5/5
  2050 | D:2      | Reached skill level 4 in Unarmed Combat
  2343 | D:1      | Reached skill level 1 in Armour
  2783 | D:2      | Reached XP level 4. HP: 23/36 MP: 6/6
  4466 | D:3      | Reached XP level 5. HP: 37/41 MP: 7/7
  4743 | D:3      | Reached skill level 5 in Unarmed Combat
  5155 | D:3      | Noticed an oklob plant
  5231 | D:4      | Noticed an ogre
  5610 | D:4      | Noticed Menkaure
  5618 | D:4      | Killed Menkaure
  5619 | D:4      | Reached skill level 6 in Unarmed Combat
  5619 | D:4      | Reached XP level 6. HP: 19/48 MP: 8/8
  6051 | D:4      | Mangled by an ogre

Illustrated notes

Levels and vault maps discovered:
D:1:      dpeg_arrival_subterranean_lakeside_camping, layout_loops_corners
D:2:      layout_basic, basic_altar
D:3:      layout_basic, tgw_fedhas, minmay_door_square
D:4:      layout_basic, nicolae_dithmenos_the_darkroom,
          mainiacjoe_overflow_small_starburst, uniq_menkaure

Skill      XL: |  1  2  3  4  5 |
---------------+----------------+-----
Unarmed Combat | 3 4 6 |  6.0
Armour         | 1 2 3 |  3.0
Fighting       | |  1.7
Throwing       | |  1.7
Dodging        | |  2.6

Action                   |  1- 3 |  4- 6 || total
-------------------------+-------+-------++-------
Melee: Unarmed           |   146 |    85 ||   231
       Punch             |       |    10 ||    10
       Whip              |       |    56 ||    56
  Use: Scroll            |       |     4 ||     4
 Stab: Sleeping          |     1 |       ||     1
Armor: Leather armour    |    17 |       ||    17
       Chain mail        |    46 |    84 ||   130
Dodge: Dodged            |    74 |    59 ||   133
